 Dungeon Crawl Stone Soup version 0.29-a0-824-gd827844252 (webtiles) character file.

Game seed: 10789011948070941702

409 Malachi the Skirmisher (level 6, 0/39 HPs)
             Began as an Octopode Hunter on July 10, 2022.
             Was an Initiate of Gozag.
             Slain by a lemure (7 damage)
             ... led by Pikel
             ... on level 3 of the Dungeon.
             The game lasted 00:04:56 (3697 turns).

Malachi the Skirmisher (Octopode Hunter)            Turns: 3697, Time: 00:04:57

Health: 0/39       AC:  1    Str: 10    XL:     6   Next: 89%
Magic:  6/6        EV: 13    Int: 12    God:    Gozag
Gold:   626        SH:  0    Dex: 17    Spells: 5/5 levels left

rFire   . . .      SeeInvis .   a - +1 shortbow
rCold   . . .      Faith    .   (shield currently unavailable)
rNeg    . . .      Spirit   .   (helmet restricted)
rPois   .          Reflect  .   (no amulet)
rElec   .          Harm     .   (no ring)
rCorr   .          Rampage  .   (no ring)
Will    .....                   (no ring)
Stlth   +++.......              (no ring)
HPRegen 0.13/turn               (no ring)
MPRegen 0.10/turn               (no ring)
                                (no ring)
                                (no ring)

@: flying
A: almost no armour, amphibious, 8 rings, camouflage 1, gelatinous body 1,
(nimble swimmer 1), tentacles
a: Renounce Religion, Potion Petition, Call Merchant, Bribe Branch


You were on level 3 of the Dungeon.
You worshipped Gozag.
Gozag was pleased with you.
You visited 1 branch of the dungeon, and saw 4 of its levels.

You collected 626 gold pieces.

Inventory:

Hand Weapons
 a - a +1 shortbow (weapon)
Jewellery
 s - a ring of fire
Wands
 f - a wand of flame (1)
Scrolls
 b - 2 scrolls of immolation
 j - 5 scrolls of teleportation
 p - a scroll of silence
Potions
 c - a potion of flight
 d - a potion of brilliance {unknown}
 e - 4 potions of might {unknown}
 g - 2 potions of mutation {unknown}
 h - a potion of cancellation {unknown}
 i - a potion of ambrosia {unknown}
 k - 3 potions of lignification {unknown}
 l - 2 potions of attraction {unknown}
 m - 2 potions of heal wounds {unknown}
 o - a potion of degeneration {unknown}
 q - a potion of berserk rage
 r - a potion of curing {unknown}


   Skills:
 - Level 2.0 Fighting
 * Level 8.0 Ranged Weapons
 - Level 2.0 Dodging
 - Level 1.3 Stealth


You had 5 spell levels left.
You didn't know any spells.
Your spell library contained the following spells:

 Spells                   Type           Power      Damage    Failure   Level
 Summon Small Mammal      Summ           0%         N/A       32%         1
 Call Canine Familiar     Summ           0%         N/A       69%         3
 Ozocubu's Armour         Ice            0%         N/A       69%         3
 Summon Guardian Golem    Hex/Summ       0%         N/A       69%         3
 Ozocubu's Refrigeration  Ice            0%         4d5       100%        7


Dungeon Overview and Level Annotations

Branches:
Dungeon (4/15)
 Temple: D:4-7

Altars:
Gozag
Ru

Shops:
D:1 *   D:3 [(=[[

Annotations:
D:3 2 transporters, raistware's ghost, weakling MiFi
D:4 Pikel


Innate Abilities, Weirdness & Mutations

You cannot wear most types of armour.
You are amphibious.
You can wear up to eight rings at the same time.
Your skin changes colour to match your surroundings (Stealth+).
Your rubbery body absorbs attacks. (AC +1, EV +1)
((You are camouflaged when in or above water. (Stealth+)))
You have tentacles for arms and can constrict up to eight enemies at once.


Message History

Okay, then.
The lemure attacks as you move away! The lemure closely misses you.
The lemure attacks as you move away! The lemure hits you.
The lemure attacks as you move away! The lemure closely misses you.
You see here a +0 giant spiked club.
The lemure attacks as you move away! The lemure misses you.
The lemure attacks as you move away! The lemure hits you!
The lemure attacks as you move away! The lemure closely misses you.
As you read the scroll labelled BAIRRI SOIHA, it crumbles to dust.
You hear a loud clanging noise!
It was a scroll of noise.
You hear a shout! x2; You hear an angry hiss.
The lemure barely misses you. The lemure attacks as you move away!
The lemure hits you!
* * * LOW HITPOINT WARNING * * *
The lemure attacks as you move away! The lemure barely misses you.
As you read the scroll labelled YBEFUY LABERGH, it crumbles to dust.
It is a scroll of enchant weapon.
Your +0 shortbow glows red for a moment.
The lemure barely misses you. The lemure attacks as you move away!
The lemure hits you.
* * * LOW HITPOINT WARNING * * *
The lemure attacks as you move away! The lemure hits you but does no damage.
A ball python comes into view.
The ball python hisses angrily.
There is a stone staircase leading up here.
The lemure misses you.
You climb upwards.
Level annotation: 2 transporters, raistware's ghost, weakling MiFi
There is a stone staircase leading down here.
Unknown command.
The lemure attacks as you move away! The lemure hits you.
* * * LOW HITPOINT WARNING * * *
Okay, then.
Okay, then.
It was a potion of flight.
You feel very buoyant.
You fly up into the air.
The lemure hits you!
You die...
Your body crumbles into a pile of gold.

...#########........#.#..........
#.............).#####.#.......>..
#.#########...)>......#..........
#.# #....########.####.###. ..###
#####.......<.....^.#..... ....#
#.....##########.##.####.#
.##.####.##### #.>..#....#..#.#
.##.#....#########.##.###..#..#.#
.##.#...........@5.#..........#.#
....#......############....#.##.#
...).......# #........#.#.......#
)...#......# #...###....###..####
....#......#####.# #........#####
....###.....<....# #.#....#......
....#####.###.#### #....#.#.#####
.......)..###..##########.#.####.
........................#.#.#....


You could see a lemure.

Vanquished Creatures
  Sigmund (D:2)
  An ogre (D:4)
  An iguana (D:3)
  Robin (D:2)
  3 gnolls (D:3)
  An adder (D:3)
  A dart slug (D:1)
  9 orcs (D:3)
  6 endoplasms
  8 hobgoblins
  5 jackals
  A quokka (D:3)
  3 ball pythons
  2 bats (D:3)
  8 frilled lizards
  13 goblins
  6 kobolds
  6 rats
76 creatures vanquished.

Vanquished Creatures (others)
  6 plants (D:3)
6 creatures vanquished.

Grand Total: 82 creatures vanquished

Notes
Turn   | Place    | Note
-------+----------+-------------------------------------------
     0 | D:1      | Malachi the Octopode Hunter began the quest for the Orb.
     0 | D:1      | Reached XP level 1. HP: 14/14 MP: 1/1
   152 | D:1      | Found a faded altar of an unknown god.
   197 | D:1      | Prayed at the altar of an unknown god.
   197 | D:1      | Became a worshipper of Gozag Ym Sagoz the Greedy
   442 | D:1      | Found Laphaps's General Store.
   648 | D:1      | Reached XP level 2. HP: 19/19 MP: 2/2
   948 | D:2      | Noticed Sigmund
   958 | D:2      | Killed Sigmund
   959 | D:2      | Reached skill level 6 in Ranged Weapons
   959 | D:2      | Reached XP level 3. HP: 7/24 MP: 3/3
   959 | D:2      | Reached XP level 4. HP: 8/29 MP: 4/4
   959 | D:2      | Reached XP level 5. HP: 10/34 MP: 5/5
  1648 | D:2      | Noticed Robin
  1660 | D:2      | Killed Robin
  1824 | D:2      | Reached skill level 7 in Ranged Weapons
  2410 | D:3      | Reached XP level 6. HP: 39/39 MP: 6/6
  2533 | D:3      | Found Ustroig's Weapon Shoppe.
  2535 | D:3      | Found Neenk's Armour Shop.
  2537 | D:3      | Found Jiej's Antique Armour Boutique.
  2694 | D:3      | Found a transporter.
  2695 | D:3      | Found a transporter.
  2762 | D:3      | Identified the +3 trident of Xarem {elec, rCorr Dex+4}
  2762 | D:3      | Identified the +1 ring mail of the Snake Pit {rF+ rN+}
  2763 | D:3      | Noticed raistware's ghost (weakling MiFi)
  2943 | D:3      | Found Xececag's Jewellery Emporium.
  2975 | D:3      | Found a sacrificial altar of Ru.
  3088 | D:3      | Found Quarch's Armour Shoppe.
  3271 | D:4      | Reached skill level 8 in Ranged Weapons
  3631 | D:4      | Identified the +1 ring mail of Untold Secrets {rF- Int+4
                  | Dex+2}
  3638 | D:4      | Noticed Pikel
  3697 | D:3      | Slain by a lemure

Illustrated notes

Levels and vault maps discovered:
D:1:      roderic_dead_forest, layout_basic, ebering_ecumenical_altar_abandoned,
          serial_shops, nicolae_shop_advertising_works
          [nicolae_subvault_shop_adworks]
D:2:      layout_basic, uniq_sigmund, uniq_robin
D:3:      layout_basic, general_overflow_altar, gammafunk_ghost_gnarly_gnolls,
          serial_shops, shop, shop, shop, shop, shop
D:4:      layout_loops_corners, mainiacjoe_overflow_two_lobes,
          minmay_temple_entry_junction_2, uniq_pikel

Skill      XL: |  1  2  3  4  5  6 |
---------------+-------------------+-----
Ranged Weapons | 6 7 8 |  8.0
Fighting       | |  2.0
Dodging        | |  2.0
Stealth        | |  1.3

Action                   |  1- 3 |  4- 6 || total
-------------------------+-------+-------++-------
 Fire: Shortbow          |    19 |   147 ||   166
Evoke: Wand              |       |     9 ||     9
  Use: Scroll            |     1 |     5 ||     6
       Potion            |       |     1 ||     1
Armor: Skin              |       |     1 ||     1
Dodge: Dodged            |     2 |    23 ||    25

Table legend: (Time is in decaauts)
 A = Elapsed time spent in this place.
 B = Non-inter-level travel time spent in this place.
 C = Inter-level travel time spent in this place.
 D = Time resting spent in this place.
 E = Time spent auto-exploring this place.
 F = Levels seen in this place.
 G = Mean time per level.
                   A        B        C        D        E       F      G
               +--------+--------+--------+--------+--------+-----+--------+
         Total |   3724 |   3583 |    141 |    648 |   2331 |   4 |  931.0 |
       Dungeon |   3724 |   3583 |    141 |    648 |   2331 |   4 |  931.0 |
               +--------+--------+--------+--------+--------+-----+--------+

Top non-repeatable levels by time:
     D:2: 1540 daAuts
     D:1: 871 daAuts
     D:3: 853 daAuts
     D:4: 457 daAuts
